 Dungeon Crawl Stone Soup version 0.26-a0-259-g1effd001a9 (webtiles) character file.

Game seed: 15296855371989421961

215 Apogee the Chopper (level 5, 0/47 HPs)
             Began as a Hill Orc Fighter on July 15, 2020.
             Killed by nerve-wracking pain
             ... invoked by Menkaure
              (3 damage)
             ... on level 4 of the Dungeon.
             The game lasted 00:02:07 (2973 turns).

Apogee the Chopper (Hill Orc Fighter)               Turns: 2973, Time: 00:02:08

Health: 0/47       AC:  8    Str: 20    XL:     5   Next: 92%
Magic:  5/5        EV:  9    Int:  8    God:
Gold:   184        SH:  0    Dex: 10    Spells: 4/4 levels left

rFire    . . .     SeeInvis .   a - +0 war axe
rCold    . . .     Faith    .   (no shield)
rNeg     . . .     Spirit   .   b - +0 scale mail
rPois    .         Reflect  .   (no helmet)
rElec    .         Harm     .   (no cloak)
rCorr    .                      i - +0 pair of gloves
MR       .....                  (no boots)
Stlth    ..........             (no amulet)
HPRegen  0.15/turn              (no ring)
MPRegen  0.09/turn              (no ring)

@: no status effects
A: no striking features
a: no special abilities


You were on level 4 of the Dungeon.
You were not hungry.

You visited 1 branch of the dungeon, and saw 4 of its levels.

You collected 184 gold pieces.

Inventory:

Hand Weapons
 a - a +0 war axe (weapon)
Armour
 b - a +0 scale mail (worn)
 c - a +0 kite shield
 i - a +0 pair of gloves (worn)
Jewellery
 l - an uncursed ring of protection from fire {unknown}
Scrolls
 e - a scroll of teleportation {unknown}
 h - 4 scrolls of identify {unknown}
 k - a scroll of remove curse {unknown}
 m - a scroll of magic mapping {unknown}
 o - 2 scrolls of amnesia {unknown}
 p - 2 scrolls of random uselessness {unknown}
 r - a scroll of enchant armour {unknown}
 s - a scroll of blinking {unknown}
Potions
 d - 2 potions of might
 g - a potion of brilliance {unknown}
 j - a potion of lignification {unknown}
 n - 2 potions of heal wounds {unknown}
 q - a potion of stabbing {unknown}
 t - a potion of mutation {unknown}
Comestibles
 f - 8 rations


   Skills:
 + Level 4.8 Fighting
 * Level 7.0 Axes
 - Level 3.2 Armour
 - Level 3.2 Shields


You had 4 spell levels left.
You didn't know any spells.
Your spell library contained the following spells:

 Spells                   Type           Power        Failure   Level
 Magic Dart               Conj           #...         77%         1
 Blink                    Tloc           N/A          88%         2
 Call Imp                 Summ           #.......     88%         2
 Slow                     Hex            #.......     88%         2
 Confusing Touch          Hex            #.......     98%         3
 Conjure Flame            Conj/Fire      #.......     98%         3
 Gell's Gravitas          Tloc           #.........   98%         3
 Mephitic Cloud           Conj/Pois/Air  #.......     98%         3
 Petrify                  Tmut/Erth      #.......     100%        4
 Metabolic Englaciation   Hex/Ice        #.........   100%        5
 Yara's Violent Unravell  Hex/Tmut       #.........   100%        5


Dungeon Overview and Level Annotations

Branches:
Dungeon (4/15)
 Temple: D:4-7

Altars:

Annotations:
D:4 Menkaure


Message History

You are too injured to fight recklessly!
You are too injured to fight recklessly!
You hit Menkaure.
Menkaure is severely damaged.
Menkaure hits you but does no damage.
You hit Menkaure.
Menkaure is severely damaged.
Menkaure casts a spell at you.
You barely resist. Menkaure hits you but does no damage.
Your scale mail prevents you from hitting Menkaure.
Menkaure is severely damaged.
Menkaure hits you!!
* * * LOW HITPOINT WARNING * * *
You hit Menkaure but do no damage.
Menkaure is severely damaged.
Menkaure hits you.
* * * LOW HITPOINT WARNING * * *
Menkaure gestures at you while chanting.
Pain shoots through your body!
You die...

##.†###.####..............
....#...##.......>........
###.#........†...........#
#.........................
##....##.....#.#..........
#..#####.....#..##........
#...# #.....#............
....# #.......###.##....
.......#.....#..@.## .
.###.....#..##.##M# .#
.....#.. ####.......# ..#
.....#. ...###.## ...
..... ..### .... ... ...
... .M.. ....# ##..#


You could see Menkaure (fast).

Vanquished Creatures
  A howler monkey (D:4)
  An orc priest (D:3)
  An orc wizard (D:3)
  An iguana (D:4)
  A hound skeleton (D:4)
  An adder (D:2)
  An adder skeleton (D:4)
  2 worms (D:2)
  2 dart slugs
  4 leopard geckos
  7 orcs
  A giant cockroach (D:2)
  2 goblins
  5 hobgoblins
  4 jackals (D:3)
  2 quokkas (D:2)
  8 bats
  A frilled lizard (D:4)
  4 kobolds
  4 rats
53 creatures vanquished.

Notes
Turn   | Place    | Note
-------+----------+-------------------------------------------
     0 | D:1      | Apogee the Hill Orc Fighter began the quest for the Orb.
     0 | D:1      | Reached XP level 1. HP: 19/19 MP: 1/1
   303 | D:1      | Reached skill level 3 in Axes
   485 | D:1      | Reached XP level 2. HP: 23/27 MP: 2/2
  1063 | D:2      | Reached XP level 3. HP: 34/34 MP: 3/3
  1232 | D:2      | Reached skill level 4 in Axes
  1788 | D:3      | Reached XP level 4. HP: 39/41 MP: 4/4
  1899 | D:3      | Reached skill level 5 in Axes
  1901 | D:3      | Reached XP level 5. HP: 10/47 MP: 5/5
  1902 | D:3      | Reached skill level 6 in Axes
  2873 | D:4      | Reached skill level 7 in Axes
  2957 | D:4      | Noticed Menkaure
  2973 | D:4      | Killed from afar by Menkaure

Illustrated notes

Levels and vault maps discovered:
D:1:      sevenhm_arrival_forest_fort_small_3, layout_loops_corners,
          minmay_tiny_reverse_x
D:2:      layout_rooms, serial_bayou_lagoon_a
D:3:      layout_basic
D:4:      layout_cave_pools, first_ration, lexackson_kobold_supper, uniq_robin,
          uniq_menkaure

Skill      XL: |  1  2  3  4  5 |
---------------+----------------+-----
Axes           | 3 4 5 7 |  7.0
Fighting       | 4 |  4.8
Armour         | |  3.2
Shields        | |  3.2

Action                   |  1- 3 |  4- 6 || total
-------------------------+-------+-------++-------
Melee: War axe           |    92 |    75 ||   167
  Eat: Ration            |     1 |     1 ||     2
Armor: Scale mail        |    75 |    46 ||   121
Dodge: Dodged            |    75 |    38 ||   113

Table legend:
 A = Non-vault XP
 B = Vault XP
 C = Vault XP percentage of total XP
 D = Non-vault monster count
 E = Vault monster count
 F = Vault count percentage of total count
                 A         B        C        D         E       F
            +---------+---------+-------+---------+---------+-------
      Total |     306 |       2 |   0.6 |      51 |       2 |   3.8
            +---------+---------+-------+---------+---------+-------
        D:1 |      19 |       2 |   9.5 |       9 |       2 |  18.2
        D:2 |      56 |       0 |   0.0 |      22 |       0 |   0.0
        D:3 |     106 |       0 |   0.0 |      11 |       0 |   0.0
        D:4 |     125 |       0 |   0.0 |       9 |       0 |   0.0
            +---------+---------+-------+---------+---------+-------
